3AAA
GRYFINDOR BRAVES @ PURE MICHIGAN GREAT LAKERS
06/25/2023
 
TOP OF THE 1ST
Gryfindor Braves batting - Pitching for Pure Michigan Great Lakers : LHP Ezio Deodato
Pitching: LHP Ezio Deodato
Batting: LHB Micheal Garren 0-0: Called Strike
0-1: Swinging Strike
0-2: Ball
1-2: Strikes out swinging
Batting: RHB Jim Unknown 0-0: Ground out 5-3 (Groundball, 56)
Batting: LHB Júlio Valentín 0-0: Called Strike
0-1: Ball
1-1: Fly out, F7 (Flyball, 7D)
Top of the 1st over - 0 run(s), 0 hit(s), 0 error(s), 0 left on base; Gryfindor 0 - Pure Michigan 0
BOTTOM OF THE 1ST
Pure Michigan Great Lakers batting - Pitching for Gryfindor Braves : RHP Don Cunningham
Pitching: RHP Don Cunningham
Batting: RHB Lorenzo Sabastro 0-0: Ground out 6-3 (Groundball, 6S)
Batting: RHB Jeffery Campbell 0-0: Fly out, F9 (Line Drive, 9M)
Batting: LHB Mario Cruz 0-0: Called Strike
0-1: Ball
1-1: SINGLE (Groundball, 3D)
Batting: LHB Gustavo Cortéz 0-0: Ball
1-0: Swinging Strike
1-1: Called Strike
1-2: Strikes out swinging
Bottom of the 1st over - 0 run(s), 1 hit(s), 0 error(s), 1 left on base; Gryfindor 0 - Pure Michigan 0
TOP OF THE 2ND
Gryfindor Braves batting - Pitching for Pure Michigan Great Lakers : LHP Ezio Deodato
Batting: LHB Jim Unknown 0-0: Foul Ball, location: 2F
0-1: Swinging Strike
0-2: Fly out, F4 (Popup, 4MD)
Batting: LHB Dave Lee 0-0: SINGLE (Groundball, 34D)
Pitching: RHP Alberto Díaz
Batting: SHB Emílio Gonzáles 0-0: Called Strike
0-1: Ball
1-1: Swinging Strike
1-2: Foul Ball, location: 2F
1-2: Ball
2-2: Ball
3-2: Fly out, F7 (Line Drive, 7M)
Batting: RHB Jim Unknown 0-0: Foul Ball, location: 2F
0-1: Ground out 1-3 (Groundball, 15)
Top of the 2nd over - 0 run(s), 1 hit(s), 0 error(s), 1 left on base; Gryfindor 0 - Pure Michigan 0
BOTTOM OF THE 2ND
Pure Michigan Great Lakers batting - Pitching for Gryfindor Braves : RHP Don Cunningham
Batting: LHB Sean Angwin 0-0: Called Strike
0-1: Ball
1-1: Ball
2-1: Foul Ball, location: 2F
2-2: Ball
3-2: Base on Balls
Batting: RHB Lawrence Bell 0-0: Ball
1-0: Swinging Strike
1-1: Foul Ball, location: 2F
1-2: Ball
2-2: Foul Ball, location: 2F
2-2: Fly out, F4 (Popup, 4D)
Batting: LHB Juan Durán 0-0: Ball
1-0: Fly out, F7 (Flyball, 7LMF)
Batting: RHB Brian King 0-0: Ball
1-0: Called Strike
1-1: Fly out, F9 (Line Drive, 89M)
Bottom of the 2nd over - 0 run(s), 0 hit(s), 0 error(s), 1 left on base; Gryfindor 0 - Pure Michigan 0
TOP OF THE 3RD
Gryfindor Braves batting - Pitching for Pure Michigan Great Lakers : RHP Alberto Díaz
Batting: RHB Jim Unknown 0-0: Foul Ball, location: 2F
0-1: DOUBLE (Line Drive, 7LM)
Batting: RHB Jim Unknown 0-0: Ground out 4-3 (Groundball, 4)
Jim Unknown to third
Batting: LHB Micheal Garren 0-0: Foul Ball, location: 2F
0-1: Swinging Strike
0-2: SINGLE (Line Drive, 7S)
Jim Unknown scores
Batting: RHB Jim Unknown 0-0: Ball
1-0: Ball
Micheal Garren steals 2nd base
2-0: Ball
3-0: Called Strike
3-1: Fly out, F8 (Flyball, 8LM)
Batting: LHB Júlio Valentín 0-0: Ball
1-0: SINGLE (Line Drive, 89S)
Micheal Garren to third
Runner from 3rd tries for Home, SAFE, no throw or cutoff
Batting: LHB Jim Unknown 0-0: Ball
1-0: Swinging Strike
1-1: Foul Ball, location: 2F
1-2: Fly out, F9 (Flyball, 89M)
Top of the 3rd over - 2 run(s), 3 hit(s), 0 error(s), 1 left on base; Gryfindor 2 - Pure Michigan 0
BOTTOM OF THE 3RD
Pure Michigan Great Lakers batting - Pitching for Gryfindor Braves : RHP Don Cunningham
Batting: RHB Zong-yuan Fung 0-0: Ball
1-0: Called Strike
1-1: Ball
2-1: Foul Ball, location: 2F
2-2: Strikes out swinging
Batting: RHB Lorenzo Sabastro 0-0: Called Strike
0-1: Foul Ball, location: 2F
0-2: Strikes out swinging
Batting: RHB Jeffery Campbell 0-0: Called Strike
0-1: Ball
1-1: Swinging Strike
1-2: Foul Ball, location: 2F
1-2: Ball
2-2: Fly out, F7 (Flyball, 78M)
Bottom of the 3rd over - 0 run(s), 0 hit(s), 0 error(s), 0 left on base; Gryfindor 2 - Pure Michigan 0
TOP OF THE 4TH
Gryfindor Braves batting - Pitching for Pure Michigan Great Lakers : RHP Alberto Díaz
Batting: LHB Dave Lee 0-0: Ball
1-0: Ball
2-0: Ground out U3 (Groundball, 3S)
Batting: SHB Emílio Gonzáles 0-0: Foul Ball, location: 2F
0-1: Swinging Strike
0-2: Ground out U3 (Groundball, 3)
Batting: RHB Jim Unknown 0-0: Ball
1-0: Called Strike
1-1: Ground out 5-3 (Groundball, 56S)
Top of the 4th over - 0 run(s), 0 hit(s), 0 error(s), 0 left on base; Gryfindor 2 - Pure Michigan 0
BOTTOM OF THE 4TH
Pure Michigan Great Lakers batting - Pitching for Gryfindor Braves : RHP Don Cunningham
Batting: LHB Mario Cruz 0-0: Foul Ball, location: 2F
0-1: Ball
1-1: Fly out, F8 (Line Drive, 8RD)
Batting: LHB Gustavo Cortéz 0-0: Ball
1-0: Foul Ball, location: 2F
1-1: Fly out, F9 (Flyball, 89S)
Batting: LHB Sean Angwin 0-0: Called Strike
0-1: Called Strike
0-2: Foul Ball, location: 2F
0-2: Strikes out swinging
Bottom of the 4th over - 0 run(s), 0 hit(s), 0 error(s), 0 left on base; Gryfindor 2 - Pure Michigan 0
TOP OF THE 5TH
Gryfindor Braves batting - Pitching for Pure Michigan Great Lakers : RHP Alberto Díaz
Batting: RHB Jim Unknown 0-0: Ball
1-0: SOLO HOME RUN (Flyball, 78XD), Distance : 436 ft
Batting: RHB Jim Unknown 0-0: Foul Ball, location: 2F
0-1: Ball
1-1: Ball
2-1: Foul Ball, location: 2F
2-2: Strikes out swinging
Batting: LHB Micheal Garren 0-0: Called Strike
0-1: Foul Ball, location: 2F
0-2: Ground out 6-3 (Groundball, 6M)
Batting: RHB Jim Unknown 0-0: SINGLE (Groundball, 5D)
Batting: LHB Júlio Valentín 0-0: Ball
1-0: Ball
2-0: Called Strike
2-1: Ball
3-1: Fly out, F5 (Popup, 25)
Top of the 5th over - 1 run(s), 2 hit(s), 0 error(s), 1 left on base; Gryfindor 3 - Pure Michigan 0
BOTTOM OF THE 5TH
Pure Michigan Great Lakers batting - Pitching for Gryfindor Braves : RHP Don Cunningham
Batting: RHB Lawrence Bell 0-0: Ball
1-0: Called Strike
1-1: Fly out, F9 (Line Drive, 9M)
Batting: LHB Juan Durán 0-0: Foul Ball, location: 2F
0-1: Ball
1-1: Foul Ball, location: 2F
1-2: Ball
2-2: Ball
3-2: Base on Balls
Batting: RHB Brian King 0-0: Ball
1-0: Ball
2-0: Called Strike
2-1: Called Strike
2-2: Foul Ball, location: 2F
2-2: Foul Ball, location: 2F
2-2: Fly out, F8 (Flyball, 8LXD)
Batting: RHB Zong-yuan Fung 0-0: Called Strike
0-1: Ball
1-1: Foul Ball, location: 2F
1-2: Strikes out swinging
Bottom of the 5th over - 0 run(s), 0 hit(s), 0 error(s), 1 left on base; Gryfindor 3 - Pure Michigan 0
TOP OF THE 6TH
Gryfindor Braves batting - Pitching for Pure Michigan Great Lakers : RHP Alberto Díaz
Pitching: RHP John Braun
Batting: LHB Jim Unknown 0-0: Fly out, F8 (Line Drive, 8RM)
Batting: LHB Dave Lee 0-0: Ball
1-0: Called Strike
1-1: SINGLE (Groundball, 4MD)
Batting: SHB Emílio Gonzáles 0-0: Called Strike
0-1: Ball
1-1: Ball
2-1: Called Strike
2-2: Ball
3-2: Fielders Choice at 2nd, 3-6 (Groundball, 34)
Batting: RHB Jim Unknown 0-0: Called Strike
0-1: Ball
1-1: Ball
2-1: Foul Ball, location: 2F
2-2: Strikes out looking
Top of the 6th over - 0 run(s), 1 hit(s), 0 error(s), 1 left on base; Gryfindor 3 - Pure Michigan 0
BOTTOM OF THE 6TH
Pure Michigan Great Lakers batting - Pitching for Gryfindor Braves : RHP Don Cunningham
Batting: RHB Lorenzo Sabastro 0-0: Foul Ball, location: 2F
0-1: Swinging Strike
0-2: Strikes out looking
Batting: RHB Jeffery Campbell 0-0: Ball
1-0: Ground out 1-3 (Groundball, 15)
Batting: LHB Mario Cruz 0-0: Swinging Strike
0-1: Called Strike
0-2: Ball
1-2: SINGLE (Line Drive, 4MD)
Batting: LHB Gustavo Cortéz 0-0: Called Strike
0-1: Foul Ball, location: 2F
0-2: Foul Ball, location: 2F
0-2: Ball
1-2: Ground out U3 (Groundball, 3S)
Bottom of the 6th over - 0 run(s), 1 hit(s), 0 error(s), 1 left on base; Gryfindor 3 - Pure Michigan 0
TOP OF THE 7TH
Gryfindor Braves batting - Pitching for Pure Michigan Great Lakers : RHP John Braun
Batting: RHB Jim Unknown 0-0: Called Strike
0-1: DOUBLE (Line Drive, 7LS)
Batting: RHB Jim Unknown 0-0: Ball
1-0: Ball
2-0: Sac Bunt - play at first, batter OUT! 2-3
Jim Unknown to third
Batting: LHB Micheal Garren 0-0: Called Strike
0-1: Ball
1-1: Ball
2-1: Ball
3-1: SINGLE (Line Drive, 8LS)
Jim Unknown scores
Batting: RHB Jim Unknown 0-0: Called Strike
0-1: Ball
1-1: Ball
2-1: Swinging Strike
2-2: Strikes out swinging
Batting: LHB Júlio Valentín 0-0: Called Strike
0-1: Called Strike
0-2: Ground out 3-1 (Groundball, 34S)
Top of the 7th over - 1 run(s), 2 hit(s), 0 error(s), 1 left on base; Gryfindor 4 - Pure Michigan 0
BOTTOM OF THE 7TH
Pure Michigan Great Lakers batting - Pitching for Gryfindor Braves : RHP Don Cunningham
Batting: LHB Sean Angwin 0-0: Ground out 4-3 (Groundball, 4)
Batting: RHB Lawrence Bell 0-0: Swinging Strike
0-1: Foul Ball, location: 2F
0-2: Strikes out swinging
Batting: LHB Juan Durán 0-0: Ball
1-0: Swinging Strike
1-1: Fly out, F8 (Flyball, 89XD)
Bottom of the 7th over - 0 run(s), 0 hit(s), 0 error(s), 0 left on base; Gryfindor 4 - Pure Michigan 0
TOP OF THE 8TH
Gryfindor Braves batting - Pitching for Pure Michigan Great Lakers : RHP John Braun
Batting: LHB Jim Unknown 0-0: Ball
1-0: Ball
2-0: Foul Ball, location: 2F
2-1: Foul Ball, location: 2F
2-2: Ground out 4-3 (Groundball, 4M)
Batting: LHB Dave Lee 0-0: Foul Ball, location: 2F
0-1: Ball
1-1: Ground out 4-3 (Groundball, 34)
Batting: SHB Emílio Gonzáles 0-0: Ball
1-0: Ground out 5-3 (Groundball, 15S)
Top of the 8th over - 0 run(s), 0 hit(s), 0 error(s), 0 left on base; Gryfindor 4 - Pure Michigan 0
BOTTOM OF THE 8TH
Pure Michigan Great Lakers batting - Pitching for Gryfindor Braves : RHP Don Cunningham
Batting: RHB Brian King 0-0: Ball
1-0: Ball
2-0: Ball
3-0: Called Strike
3-1: Base on Balls
Batting: RHB Zong-yuan Fung 0-0: Ball
1-0: Grounds into double play, 5-4-3 (Groundball, 5)
Batting: RHB Lorenzo Sabastro 0-0: Called Strike
0-1: SINGLE (Line Drive, 6M)
Batting: RHB Jeffery Campbell 0-0: Ball
1-0: Ball
2-0: Ground out 6-3 (Groundball, 6)
Bottom of the 8th over - 0 run(s), 1 hit(s), 0 error(s), 1 left on base; Gryfindor 4 - Pure Michigan 0
TOP OF THE 9TH
Gryfindor Braves batting - Pitching for Pure Michigan Great Lakers : RHP John Braun
Batting: RHB Jim Unknown 0-0: Foul Ball, location: 2F
0-1: Fly out, F2 (Popup, 2LF)
Batting: RHB Jim Unknown 0-0: Ball
1-0: Ball
2-0: Swinging Strike
2-1: Foul Ball, location: 2F
2-2: Foul Ball, location: 2F
2-2: Ball
3-2: Foul Ball, location: 2F
3-2: Foul Ball, location: 2F
3-2: Ground out 4-3 (Groundball, 4)
Pitching: RHP Robert Dickinson
Batting: RHB Jim Unknown 0-0: Called Strike
0-1: Ball
1-1: Foul Ball, location: 2F
1-2: Ball
2-2: Ground out 4-3 (Groundball, 4M)
Top of the 9th over - 0 run(s), 0 hit(s), 0 error(s), 0 left on base; Gryfindor 4 - Pure Michigan 0
BOTTOM OF THE 9TH
Pure Michigan Great Lakers batting - Pitching for Gryfindor Braves : RHP Don Cunningham
Batting: LHB Mario Cruz 0-0: Ball
1-0: Ground out 4-3 (Groundball, 4)
Batting: LHB Gustavo Cortéz 0-0: Fly out, F7 (Flyball, 7LD)
Batting: LHB Sean Angwin 0-0: Ball
1-0: Called Strike
1-1: SINGLE (Line Drive, 7LS)
Pitching: LHP Lúcio Benítez
Batting: RHB Lawrence Bell 0-0: Swinging Strike
0-1: Ball
1-1: Fielders Choice at 2nd, U4 (Groundball, 4M)
Bottom of the 9th over - 0 run(s), 1 hit(s), 0 error(s), 1 left on base; Gryfindor 4 - Pure Michigan 0
This league is powered by Out of the Park Baseball, the baseball management simulation game for PC, Mac and Linux
Friday, July 8th, 2016 - OOTP Baseball 16.9 Build 39